 Dungeon Crawl Stone Soup version 0.31.0-11-ge490571c62 (webtiles) character file.

Game seed: 7366893200193727021

2714 Goblin1989 the Basher (level 9, -1/63 HPs)
             Began as a Demonspawn Delver on Feb 2, 2024.
             Was a Priest of Hepliaklqana.
             Succumbed to a hornet's poison
             ... on level 7 of the Dungeon.
             The game lasted 00:14:39 (5729 turns).

Goblin1989 the Basher (Demonspawn Delver)           Turns: 5729, Time: 00:14:39

Health: -1/63      AC: 13    Str: 11 (14) XL:     9   Next: 39%
Magic:  3/9        EV:  3    Int:  7 (10) God:    Hepliaklqana [***...]
Gold:   307        SH:  0    Dex: 17 (18) Spells: 8/8 levels left

rFire   . . .        i - +3 flail (drain)
rCold   . . .        (no shield)
rNeg    . . .        l - +0 plate armour
rPois   +            (no helmet)
rElec   .            (no cloak)
rCorr   .            (no gloves)
SInv    .            q - +0 pair of boots
Will    .....        (no amulet) Stlth
                     k - ring of poison resistance
HPRegen 0.30/turn    r - ring of flight
MPRegen 0.22/turn

%: guardian spirit
@: lethally poisoned (-1 -> -13), flying
A: reduced essence, hooves 2, powered by pain 1, magic shield, magic
regeneration, claws 1, sense surroundings 1
a: Renounce Religion, Recall Ancestor, Ancestor Identity, Transference


You were on level 7 of the Dungeon.
You worshipped Hepliaklqana.
Hepliaklqana was most pleased with you.
You visited 1 branch of the dungeon, and saw 7 of its levels.

You collected 307 gold pieces.

Inventory:

Hand Weapons
 i - a +3 flail of draining (weapon)
 C - a +0 orcbow
Missiles
 o - a throwing net (quivered) {!d , @Q1}
Armour
 l - a +0 plate armour (worn)
 q - a +0 pair of boots (worn)
 E - a +1 chain mail of willpower
Jewellery
 k - a ring of poison resistance (left claw)
 r - a ring of flight (right claw)
Wands
 g - a wand of digging (3) {@v3}
 z - a wand of charming (13)
 B - a wand of polymorph (5)
Scrolls
 c - 3 scrolls of fog
 d - 3 scrolls of revelation
 h - 6 scrolls of identify {unknown}
 n - a scroll of poison {unknown}
 p - 2 scrolls of amnesia {unknown}
 t - a scroll of enchant weapon {unknown}
 w - a scroll of enchant armour {unknown}
 y - a scroll of teleportation {unknown}
 D - 3 scrolls of blinking {unknown}
Potions
 j - 2 potions of berserk rage {unknown}
 m - 3 potions of mutation {!q}
 s - a potion of heal wounds {unknown}
 u - a potion of degeneration
 v - 2 potions of haste {@q3,}
 x - 2 potions of lignification {unknown}
 A - a potion of curing {unknown}


   Skills:
 + Level 6.9 Fighting
 * Level 8.9 Maces & Flails
 + Level 5.4 Armour
 - Level 1.7 Dodging
 - Level 4.5 Stealth


You had 8 spell levels left.
You didn't know any spells.
Your spell library contained the following spells:

 Spells                   Type           Power      Damage    Failure   Level
 Kiss of Death            Conj/Necr      0%         2d5       100%        1
 Slow                     Hex            0%         N/A       100%        1
 Confusing Touch          Hex            0%         N/A       100%        3
 Sigil of Binding         Hex            0%         N/A       100%        3
 Vampiric Draining        Necr           0%         2d6       100%        3
 Dispel Undead            Necr           0%         3d6       100%        4


Dungeon Overview and Level Annotations

Branches:
Dungeon (7/15) Zot: 26702
 Temple: D:4-7

Altars:
Gozag
Hepliaklqana
Wu Jian

Annotations:
D:7 1 runed translucent door, HaleSumoOx's ghost, novice MfAl


Innate Abilities, Weirdness & Mutations

Your life essence is reduced to manifest your ancestor. (-10% HP)
You have hoof-like feet.
You sometimes gain a little power by taking damage.
When hurt, damage is shared between your health and your magic reserves.
You regenerate magic rapidly.
You have sharp fingernails.
You passively map a small area around you.


Message History

You take 6 damage, and have 38/63 hp.
You now have 7/9 mp.
You hit the sky beast.
You kill the sky beast!
The centaur hits you but does no damage.
The centaur kicks you but does no damage.
The hornet stings you.
You are poisoned.
Something hits you but does no damage.
You take 3 damage, and have 35/63 hp.
You are too injured to fight recklessly!
You are too injured to fight recklessly!
You are too injured to fight recklessly!
You are too injured to fight recklessly!
You are too injured to fight recklessly!
You are too injured to fight recklessly!
You are too injured to fight recklessly!
You are too injured to fight recklessly!
You are too injured to fight recklessly!
You are too injured to fight recklessly!
You are too injured to fight recklessly!
You are too injured to fight recklessly!
You are too injured to fight recklessly!
You are too injured to fight recklessly!
You are too injured to fight recklessly!
You are too injured to fight recklessly!
You are too injured to fight recklessly!
You are too injured to fight recklessly!
You are too injured to fight recklessly!
You are too injured to fight recklessly!
You are too injured to fight recklessly!
You are too injured to fight recklessly!
You are too injured to fight recklessly!
Unknown command.
You feel very sick.
Sizwe barely misses the centaur.
The centaur hits you.
The centaur kicks you but does no damage.
Something hits you but does no damage.
The hornet stings Sizwe.
Things that are here:
9 gold pieces; a +0 club You take 3 damage, and have 32/63 hp.
You feel sick. The centaur attacks as it pursues you!
The centaur hits you but does no damage.
The centaur kicks you but does no damage.
Sizwe hits the centaur with a +0 flail!
You take 1 damage, and have 31/63 hp.
You hit the centaur but do no damage. You drain the centaur.
The centaur is severely wounded.
You feel sick.
The centaur hits you but does no damage.
The centaur kicks you but does no damage.
The centaur hits you but does no damage.
The centaur kicks you but does no damage.
You take 2 damage, and have 29/63 hp.
You thump the centaur!
You kill the centaur!
You feel sick.
Sizwe completely misses something.
A sky beast appears from thin air!
Reactivating autopickup.
You miss the hornet.
The hornet is moderately wounded.
You feel sick. The hornet stings you!
* * * LOW HITPOINT WARNING * * *
Sizwe hits the hornet with a +0 flail.
You take 8 damage, and have 21/63 hp.
You now have 6/9 mp.
You hit the hornet.
The hornet is severely wounded.
You feel sick.
The hornet stings you but does no damage.
The hornet stings you.
* * * LOW HITPOINT WARNING * * *
You take 5 damage, and have 16/63 hp.
You now have 5/9 mp.
You barely miss the hornet.
The hornet is severely wounded.
You feel sick.
The sky beast flickers out of sight!
Deactivating autopickup; reactivate with Ctrl-A.
Sizwe misses the hornet.
The hornet stings you.
* * * LOW HITPOINT WARNING * * *
You are more poisoned.
You take 2 damage, and have 14/63 hp.
You closely miss the hornet.
The hornet is severely wounded.
You feel sick. The hornet stings you.
* * * LOW HITPOINT WARNING * * *
You are lethally poisoned!
You take 2 damage, and have 12/63 hp.
You now have 4/9 mp.
It was a potion of degeneration.
There was something very wrong with that liquid.
You feel weakened.
You feel dopey.
You feel clumsy.
* * * LOW HITPOINT WARNING * * *
You feel very sick. The hornet stings you.
* * * LOW HITPOINT WARNING * * *
You feel yourself slow down.
Sizwe hits the hornet with a +0 flail!
The hornet stings you but does no damage.
You take 8 damage, and have 4/63 hp.
You now have 3/9 mp.
It was a potion of mutation.
You feel extremely strange.
Your fingernails lengthen.
You feel a strange attunement to the structure of the dungeons.
You feel yourself speed up.
You die... ██████

..... █....█████ ......
████........█ ......
........█.███ ·......
████....█.█ ██████.....>
..███.....███.........█ █
█.............███...█ █..
██†............█..███...█
▓ ................@██...█
· █..............██y...█
..............██..R.██
..............█.)†.█...█
· ..............█....█
.██ · ·
█.............█....█ █
..............█.....
..█...██.██████....█. · ·
· █....█8


You could see the friendly Sizwe the knight and a hornet (drained, ally target).

Vanquished Creatures
  A wyvern (D:7)
  A water moccasin (D:6)
  2 black bears (D:5)
  3 sky beasts
  An ice beast (D:7)
  2 ogres
  3 centaurs
  A kobold brigand (D:6)
  A bullfrog (D:6)
  3 scorpions
  A jelly (D:4)
  A bombardier beetle (D:4)
  A gnoll bouda (D:6)
  2 hounds
  6 iguanas
  An orc wizard (D:5)
  9 gnolls
  6 adders
  2 white imps (D:5)
  An ufetubus (D:6)
  2 ribbon worms
  10 orcs
  5 bats
  9 endoplasms
  A giant cockroach (D:2)
  8 goblins
  5 hobgoblins
  10 kobolds
  6 quokkas
  7 ball pythons
  A frilled lizard (D:1)
  7 rats
119 creatures vanquished.

Vanquished Creatures (collateral kills)
  A water moccasin (D:5)
  A black bear (D:6)
  A sky beast (D:7)
  A phantom (D:6)
  2 hounds
  An orc priest (D:4)
  2 iguanas
  An orc wizard (D:6)
  3 gnolls
  An adder (D:6)
  3 ufetubi
  2 orcs (D:4)
  3 bats
  A giant cockroach (D:2)
  A goblin (D:4)
  A frilled lizard (D:3)
  A kobold (D:6)
26 creatures vanquished.

Vanquished Creatures (others)
  A knight (D:5)
1 creature vanquished.

Grand Total: 146 creatures vanquished

Notes
Turn   | Place    | Note
-------+----------+-------------------------------------------
     0 | D:5      | Goblin1989 the Demonspawn Delver began the quest for the
                  | Orb.
     0 | D:5      | Reached XP level 1. HP: 18/18 MP: 1/1
    20 | D:5      | Found a hazy altar of Hepliaklqana.
    24 | D:5      | Became a worshipper of Hepliaklqana the Forgotten
    84 | D:4      | Reached skill level 2 in Maces & Flails
   169 | D:4      | Noticed an orc priest
   293 | D:4      | Noticed a hound
   299 | D:4      | Killed a hound
   300 | D:4      | Reached skill level 3 in Maces & Flails
   300 | D:4      | Gained mutation: You regenerate magic rapidly. [demonic
                  | ancestry]
   300 | D:4      | Reached XP level 2. HP: 24/24 MP: 2/2
   300 | D:4      | Gained mutation: You sometimes gain a little power by
                  | taking damage. [demonic ancestry]
   300 | D:4      | Reached XP level 3. HP: 29/29 MP: 3/3
   348 | D:4      | Found an ornate altar of the Wu Jian Council.
   554 | D:3      | Found a faded altar of an unknown god.
   741 | D:1      | Reached * piety under Hepliaklqana
   982 | D:1      | Gained mutation: When hurt, damage is shared between your
                  | health and your magic reserves. [demonic ancestry]
   982 | D:1      | Reached XP level 4. HP: 29/31 MP: 4/4
  1023 | D:2      | Reached skill level 4 in Maces & Flails
  1820 | D:2      | Reached skill level 1 in Armour
  1977 | D:2      | Reached XP level 5. HP: 31/36 MP: 3/5
  2135 | D:2      | Reached ** piety under Hepliaklqana
  2806 | D:4      | Remembered your ancestor Sizwe as a knight
  2867 | D:4      | Reached XP level 6. HP: 38/43 MP: 4/6
  3135 | D:4      | Found an opulent altar of Gozag.
  3534 | D:5      | Reached skill level 5 in Maces & Flails
  3716 | D:5      | Reached XP level 7. HP: 27/49 MP: 3/7
  4015 | D:5      | Reached skill level 6 in Maces & Flails
  4319 | D:5      | Reached skill level 5 in Fighting
  4662 | D:6      | Gained mutation: You have large cloven feet. [demonic
                  | ancestry]
  4662 | D:6      | Reached XP level 8. HP: 49/55 MP: 5/8
  4698 | D:6      | Reached skill level 7 in Maces & Flails
  5109 | D:6      | Reached *** piety under Hepliaklqana
  5156 | D:6      | Reached skill level 8 in Maces & Flails
  5430 | D:7      | Noticed HaleSumoOx's ghost (novice MfAl)
  5430 | D:7      | Noticed a troll
  5430 | D:7      | Found a runed translucent door.
  5469 | D:7      | Gained mutation: You have hoof-like feet. [demonic
                  | ancestry]
  5469 | D:7      | Reached XP level 9. HP: 48/63 MP: 7/9
  5541 | D:7      | Reached skill level 5 in Armour
  5729 | D:7      | Gained mutation: You have sharp fingernails. [potion of
                  | mutation]
  5729 | D:7      | Gained mutation: You passively map a small area around you.
                  | [potion of mutation]
  5729 | D:7      | Succumbed to a hornet's poison

Illustrated notes

Levels and vault maps discovered:
D:1:      minmay_arrival_glassed_features, layout_rooms
D:2:      minmay_thinvault, layout_basic, serial_rivers,
          chequers_serial_rivers_large_a, chequers_serial_rivers_room_b,
          chequers_serial_rivers_room_a, chequers_serial_rivers_small_b,
          chequers_serial_rivers_micro_e, chequers_serial_rivers_small_b,
          hangedman_decor_slide_cut, minmay_tree_intersection
D:3:      layout_basic, serial_corexii_hall, chequers_hall_statues_corner_a,
          chequers_hall_statues_y, corexii_hall_statues_i,
          chequers_hall_statues_corner_a, basic_ecumenical_altar,
          chequers_serial_rivers_small_b
D:4:      layout_loops_ring, nicolae_wu_jian_glorious_leap, lemuel_tele_altar,
          minmay_fountain_box
D:5:      layout_basic, mainiacjoe_overflow_24_doors
D:6:      layout_cave_pools, hex_tiny
D:7:      layout_rooms, minmay_temple_entry_mist, gammafunk_ghost_grave,
          grunt_decor_fettered, nzn_random_ring

Skill      XL: |  1  2  3  4  5  6  7  8  9 |
---------------+----------------------------+-----
Maces & Flails | 3 4 5 6 8 |  8.9
Armour         | 1 2 3 4 5 |  5.4
Fighting       | 4 5 6 |  6.9
Dodging        | |  1.7
Stealth        | |  4.5

Action                     |  1- 3 |  4- 6 |  7- 9 || total
---------------------------+-------+-------+-------++-------
  Melee: Mace              |     7 |       |       ||     7
         Flail             |    59 |   142 |   153 ||   354
         Punch             |       |     2 |     4 ||     6
 Invoke: Ancestor Life: Kn |       |     1 |       ||     1
    Use: Potion            |     1 |       |     2 ||     3
         Scroll            |     1 |       |       ||     1
   Stab: Sleeping          |     3 |       |       ||     3
         Distracted        |       |     1 |     1 ||     2
 Armour: Leather armour    |    48 |       |       ||    48
         Plate armour      |    14 |   184 |   313 ||   511
  Dodge: Dodged            |    47 |    45 |    56 ||   148
